Cogmind - Beta 10.2 @@@ ROGUE MODE // 2021.01.25 @ 02:05:33 Player: WayneKnight Result: Self-destructed Performance ------------- Evolutions (3) 1500 Regions Visited (13) 2600 Robots Destroyed (132) 660 Value Destroyed (3961) 3961 Prototype IDs (47) 940 Alien Tech Used (1) 200 Bonus (821) 821 TOTAL SCORE: 10682 Bonus ------- Follower Combat Kills 256 Aligned with FarCom 300 Met Data Miner 300 Friendly Fire -35 Cogmind --------- Core Integrity 399/700 Matter 300/300 Energy 48/100 System Corruption 0% Temperature Cool (6) Movement Core (800) Ox15 Location -7/Data Miner Parts ------- > --- POWER (1) -------- (None) > --- PROPULSION (4) --- Combat Antigrav System Combat Antigrav System > --- UTILITY (6) ------ Large Storage Unit High-capacity Storage Unit Advanced Signal Interpreter Improved Armor Integrity Analyzer Hacking Suite > --- WEAPON (3) ------- (None) > --- INVENTORY (18) --- Cold Fusion Reactor Combat Antigrav System High-capacity Storage Unit Gravity Neutralizing Apparatus Long-range Sensor Array Experimental Sensor Array Experimental Targeting Computer Improved Medium Armor Plating Medium Insulated Plating EM Shield System Shield Makeshift System Restoration Module Gauss Rifle 8R-AWN's Boregun Heavy Missile Launcher Greatsword Peak State ------------ > --- POWER ------------ Light Angular Momentum Engine > --- PROPULSION ------- Cooled Airjet Combat Antigrav System Combat Antigrav System Combat Antigrav System > --- UTILITY ---------- Large Storage Unit High-capacity Storage Unit Experimental Sensor Array Advanced Signal Interpreter Hacking Suite Makeshift System Restoration Module > --- WEAPON ----------- Katana Chainsword > --- INVENTORY -------- Cold Fusion Reactor Advanced Myomer Leg Aerolev Unit Makeshift Hover Unit Large Storage Unit Gravity Neutralizing Apparatus Long-range Sensor Array Experimental Targeting Computer Improved Armor Integrity Analyzer Improved Medium Armor Plating Improved Medium Armor Plating 8R-AWN's Armor/EX System Shield High-powered Electrolaser Gauss Rifle Gauss Rifle 8R-AWN's Boregun [Rating: 68] Favorites ----------- Power Improved Ion Engine Engine Improved Ion Engine Reactor Cold Fusion Reactor Propulsion Light Treads Treads Light Treads Leg Aluminum Leg Wheel Wheel Hover Unit Makeshift Hover Unit Utility High-capacity Storage Unit Device Experimental Sensor Array Storage High-capacity Storage Unit Processor Advanced Signal Interpreter Hackware Hacking Suite Protection Hardened Medium Armor Plating Weapon Heavy Assault Rifle Energy Gun High-powered Electrolaser Ballistic Gun Heavy Assault Rifle Launcher Rocket Launcher Impact Weapon Makeshift Hammer Slashing Weapon Katana Special Melee Weapon Improved Datajack Build | -11 -10 -10 -9 -9 -9 -8 -8 -7 -7 -7 -7 -7 -7 ------- Run | Scr Mat Min Mat Min Exi Min Mat Fac Was Fac Low Low Dat Slots Evolved 6 | . . . 2 . . . 2 2 . . . . . Power . | . . . . . . . . . . . . . . Propulsion 2 | . . . . . . . 1 1 . . . . . Utility 4 | . . . 2 . . . 1 1 . . . . . Weapon . | . . . . . . . . . . . . . . Parts Attached 184 | . 22 3 17 2 31 5 42 18 2 38 1 1 2 Power 15 | . 1 . 2 . 2 . 2 1 . 7 . . . Engine 10 | . 1 . 2 . 1 . 2 . . 4 . . . Core . | . . . . . . . . . . . . . . Reactor 5 | . . . . . 1 . . 1 . 3 . . . Propulsion 44 | . 5 1 4 1 8 . 11 5 . 8 . . 1 Treads 20 | . 4 1 4 1 7 . 3 . . . . . . Leg 9 | . . . . . 1 . 7 1 . . . . . Wheel 1 | . 1 . . . . . . . . . . . . Hover 14 | . . . . . . . 1 4 . 8 . . 1 Flight . | . . . . . . . . . . . . . . Utility 66 | . 7 . 6 . 12 . 10 10 2 17 1 . 1 Device 18 | . 1 . . . 1 . 2 4 2 8 . . . Storage 13 | . 4 . 1 . 7 . . 1 . . . . . Processor 3 | . . . . . . . . 1 . 1 . . 1 Hackware 1 | . . . . . . . . 1 . . . . . Protection 31 | . 2 . 5 . 4 . 8 3 . 8 1 . . Artifact . | . . . . . . . . . . . . . . Weapon 59 | . 9 2 5 1 9 5 19 2 . 6 . 1 . Energy Gun 2 | . . . . . . . 2 . . . . . . Energy Cannon . | . . . . . . . . . . . . . . Ballistic Gun 38 | . 7 1 4 1 7 4 14 . . . . . . Ballistic Cannon . | . . . . . . . . . . . . . . Launcher 7 | . 2 1 1 . 2 1 . . . . . . . Special Weapon . | . . . . . . . . . . . . . . Impact Weapon 1 | . . . . . . . . . . . . 1 . Slashing Weapon 9 | . . . . . . . 1 2 . 6 . . . Piercing Weapon . | . . . . . . . . . . . . . . Special Melee Weapon 2 | . . . . . . . 2 . . . . . . Unidentified Prototypes 10 | . . . . . 3 . 4 . . 2 1 . . Parts Lost 31 | . . . 3 . 12 3 6 . . 2 . . 5 Power 5 | . . . 1 . 2 . . . . 1 . . 1 Propulsion 10 | . . . . . 5 . 2 . . . . . 3 Utility 5 | . . . 1 . 2 . 2 . . . . . . Weapon 11 | . . . 1 . 3 3 2 . . 1 . . 1 Highest Loss Streak 9 | . . . 2 . 9 3 1 . . 2 . . 5 Average Slot Usage (%) 96 | . 91 100 99 100 95 99 97 98 100 96 86 85 81 Engine 7 | . 14 14 10 11 5 . 8 . . 4 7 7 5 Reactor 1 | . . . . . 1 11 . 6 7 2 . . . Treads 11 | . 21 28 21 22 21 22 4 . . . . . . Leg 5 | . . . . . . . 22 1 . . . . . Hover 8 | . . . . . . . . 28 30 30 28 28 26 Device 3 | . . . . . . . 1 5 9 13 7 7 6 Storage 24 | . 22 28 33 33 32 33 27 15 15 15 14 14 14 Processor 2 | . . . . . . . . 7 7 7 7 7 11 Hackware 2 | . . . . . . . . 6 7 7 7 7 7 Protection 8 | . 3 . 11 11 11 11 14 7 4 1 6 7 2 Ballistic Gun 14 | . 27 27 21 21 19 20 15 7 7 1 . . . Slashing Weapon 2 | . . . . . . . . 6 7 9 7 7 5 Naked Turns . | . . . . . . . . . . . . . . Heaviest Build 113 | 11 75 75 98 98 100 99 113 106 74 78 70 70 70 Greatest Support 90 | 20 40 40 40 40 40 40 70 90 75 90 71 71 71 Greatest Overweight (x) 15 | . 3 1 2 2 4 2 2 1 . 1 . . 15 Average Overweight (x) . | . 1 1 2 2 2 2 1 . . . . . . Largest Inventory Capacity 26 | 6 20 20 26 26 26 26 26 26 18 18 18 18 18 Average Capacity 22 | 6 13 20 26 26 23 26 26 18 18 18 18 18 18 Most Carried 26 | 6 18 17 26 26 26 26 26 26 18 18 18 18 18 Average Carried 20 | 6 12 17 21 25 23 25 25 17 18 17 18 18 17 Final Capacity 26 | 6 20 20 26 26 26 26 26 18 18 18 18 18 18 Final Carried 26 | 6 18 17 26 26 26 26 26 18 18 18 18 18 17 Class Distribution -------------------- 65% | Hauler-Mutant 21% | Mutant 13% | Scavenger-Mutant Dominant Class ---------------- Mutant | -10/Materials Hauler-Mutant | -10/Mines Hauler-Mutant | -9/Materials Hauler-Mutant | -9/Mines Hauler-Mutant | -9/Exiles Hauler-Mutant | -8/Mines Hauler-Mutant | -8/Materials Scavenger-Mutant | -7/Factory Scavenger-Mutant | -7/Waste Scavenger-Mutant | -7/Factory Mutant | -7/Lower Caves Mutant | -7/Lower Caves Mutant | -7/Data Miner Resources | -11 -10 -10 -9 -9 -9 -8 -8 -7 -7 -7 -7 -7 -7 ----------- Run | Scr Mat Min Mat Min Exi Min Mat Fac Was Fac Low Low Dat Matter Collected 4896 | 200 597 198 570 148 1038 110 1164 221 . 612 28 10 . Remotely . | . . . . . . . . . . . . . . Salvage Created 5070 | 87 733 407 896 149 343 110 1548 118 . 448 231 . . Parts 328 | 1 48 20 67 8 48 3 86 13 . 33 1 . . Haulers Intercepted 2 | . 1 . 1 . . . . . . . . . . Recyclers Shooed . | . . . . . . . . . . . . . . Parts Field Recycled . | . . . . . . . . . . . . . . Retrieved Matter . | . . . . . . . . . . . . . . Parts Self-Destructed . | . . . . . . . . . . . . . . Prevented . | . . . . . . . . . . . . . . Kills | -11 -10 -10 -9 -9 -9 -8 -8 -7 -7 -7 -7 -7 -7 ------- Run | Scr Mat Min Mat Min Exi Min Mat Fac Was Fac Low Low Dat Combat Hostiles Destroyed 97 | . 18 11 21 6 3 2 29 2 . 5 . . . Melee 7 | . . . . . . . . 2 . 5 . . . Guns 81 | . 15 7 21 4 3 2 29 . . . . . . AOE 9 | . 3 4 . 2 . . . . . . . . . Classes Destroyed 16 | 1 5 3 2 . 2 . 2 1 . . . . . Worker 2 | . 1 . 1 . . . . . . . . . . Builder 2 | . . 2 . . . . . . . . . . . Hauler 2 | . 1 . 1 . . . . . . . . . . Recycler 2 | 1 . . . . . . . . . 1 . . . Mechanic 1 | . . 1 . . . . . . . . . . . Operator 2 | . . . . . . . 1 . . 1 . . . Turret 1 | . . . . . 1 . . . . . . . . Watcher 16 | . 3 . 4 . . . 4 1 . 4 . . . Swarmer 17 | . 3 . 7 3 . . 4 . . . . . . Grunt 54 | . 15 10 7 2 . 2 18 . . . . . . Brawler 4 | . . . 2 1 . . 1 . . . . . . Duelist 1 | . . . . . . . 1 . . . . . . Sentry 11 | . . . 5 . . . 5 . . 1 . . . Programmer 6 | . . . . . . . . 2 . 4 . . . Zionite 8 | . . . . . 8 . . . . . . . . Assembled 3 | . . 1 . . 2 . . . . . . . . Best Kill Streak 6 | 1 4 6 4 3 5 2 5 1 . 1 . . . Combat Bots Only 5 | . 4 4 4 3 2 2 5 1 . 1 . . . Max Kills in Single Turn 3 | 1 2 3 1 2 1 1 1 1 . 1 . . . Gunslinging . | . . . . . . . . . . . . . . Exploded 2 | . 2 2 . 2 . . . . . . . . . Melee 1 | . . . . . . . . 1 . 1 . . . Uniques/NPCs Destroyed 4 | . . . . . 4 . . . . . . . . 8R-AWN (-9/Exiles) EX-DEC (-9/Exiles) EX-HEX (-9/Exiles) EX-BIN (-9/Exiles) Combat | -11 -10 -10 -9 -9 -9 -8 -8 -7 -7 -7 -7 -7 -7 -------- Run | Scr Mat Min Mat Min Exi Min Mat Fac Was Fac Low Low Dat Damage Taken 7552 | . 607 233 783 202 1650 482 1775 135 . 858 . . 827 Core 990 | . 57 88 84 12 192 36 220 . . 164 . . 137 Absorbed by Shields . | . . . . . . . . . . . . . . Core Remaining (%) 55 | 100 . 42 . . . 19 60 . . . . . . Volleys Fired 401 | 2 58 24 68 11 98 13 127 . . . . . . Largest 2 | 2 2 2 2 2 2 2 2 . . . . . . Hottest 93 | 60 53 46 46 46 46 46 93 . . . . . . Shots Fired 753 | 4 112 42 134 21 178 19 241 . 1 1 . . . Gun 724 | 4 107 36 134 20 161 19 241 . 1 1 . . . Cannon . | . . . . . . . . . . . . . . Launcher 29 | . 5 6 . 1 17 . . . . . . . . Special . | . . . . . . . . . . . . . . Kinetic 708 | 2 107 36 134 20 161 19 227 . 1 1 . . . Thermal 14 | . . . . . . . 14 . . . . . . Explosive 29 | . 5 6 . 1 17 . . . . . . . . Electromagnetic 2 | 2 . . . . . . . . . . . . . Robot Hit Streak 20 | 4 9 19 9 10 20 12 17 . . . . . . Robot Miss Streak 4 | . 3 3 4 2 3 1 3 . 1 . . . . Penetration Max 2 | . . . . . . . 2 . . . . . . Secondary Targets 9 | . 2 1 1 . 2 1 2 . . . . . . Max Gunslinging Chain 1 | . 1 1 1 . 1 1 1 . . . . . . Shots Hit Robots 547 | 4 70 34 80 16 117 17 166 7 . 28 7 . 1 Core Hits 231 | 1 31 22 35 8 41 6 68 3 . 12 4 . . Critical Hits 15 | . . 1 . . . 5 6 . . 2 1 . . Critical Kills 4 | . . . . . . 1 1 . . 1 1 . . Critical Parts Destroyed 10 | . . 1 . . . 4 5 . . . . . . Melee Attacks 102 | . . . . . . . . 12 1 63 14 7 5 Impact . | . . . . . . . . . . . . . . Slashing 102 | . . . . . . . . 12 1 63 14 7 5 Piercing . | . . . . . . . . . . . . . . Sneak Attacks 5 | . . . . . . . . 1 . 3 . . 1 Combat Hostiles . | . . . . . . . . . . . . . . Follow-up Attacks 1 | . . . . . . . . . . 1 . . . Damage Inflicted 12549 | 51 1381 1008 1306 407 2198 260 2837 299 . 1628 988 . 186 Guns 7993 | 51 1020 510 1306 270 1750 249 2837 . . . . . . Cannons . | . . . . . . . . . . . . . . Explosions 1423 | . 361 486 . 128 448 . . . . . . . . Melee 3101 | . . . . . . . . 299 . 1628 988 . 186 Ramming 32 | . . 12 . 9 . 11 . . . . . . . Kinetic 7699 | 23 1020 510 1306 270 1750 249 2571 . . . . . . Thermal 266 | . . . . . . . 266 . . . . . . Explosive 1423 | . 361 486 . 128 448 . . . . . . . . Electromagnetic 28 | 28 . . . . . . . . . . . . . Impact . | . . . . . . . . . . . . . . Slashing 3101 | . . . . . . . . 299 . 1628 988 . 186 Piercing . | . . . . . . . . . . . . . . Highest Corruption 14 | . . . . . 3 3 . 1 14 14 . . . Average Corruption 5 | . . . . . 2 3 . 1 6 7 . . . Corruption Purged 19 | . . . . . . . . . 1 18 . . . Effects 107 | . . . . . 14 5 . 1 4 83 . . . Message Errors 25 | . . . . . 4 1 . . . 20 . . . Matter Fused 22 | . . . . . 4 1 . . 1 16 . . . Heat Flow Errors 11 | . . . . . 1 1 . . . 9 . . . Energy Discharges 12 | . . . . . 1 1 . 1 1 8 . . . Data Loss (minor) 15 | . . . . . 2 . . . . 13 . . . Data Loss (major) 4 | . . . . . . . . . 1 3 . . . Misfires 2 | . . . . . . . . . 1 1 . . . Alerts 2 | . . . . . . . . . . 2 . . . Misdirections 8 | . . . . . . . . . . 8 . . . Targeting Errors 6 | . . . . . 2 1 . . . 3 . . . Overload Shots . | . . . . . . . . . . . . . . Overflow Damage 650 | . 3 23 . 4 2 . . 36 . 240 276 . 66 Projectiles . | . . . . . . . . . . . . . . Explosions 32 | . 3 23 . 4 2 . . . . . . . . Melee 618 | . . . . . . . . 36 . 240 276 . 66 Knockbacks . | . . . . . . . . . . . . . . Impact . | . . . . . . . . . . . . . . Kinetic . | . . . . . . . . . . . . . . Secondary . | . . . . . . . . . . . . . . Self-Inflicted Damage 56 | . . . . 38 18 . . . . . . . . Shots 2 | . . . . 1 1 . . . . . . . . Rammed 5 | . . 3 . 1 . 1 . . . . . . . Targets Rammed 6 | . . 4 . 1 . 1 . . . . . . . Kicked . | . . . . . . . . . . . . . . Crushed 1 | . . 1 . . . . . . . . . . . Highest Temperature 340 | . 59 10 41 35 173 93 340 . . 287 . . . Average Temperature 59 | . 26 3 11 16 32 19 89 . . 103 . . . Received Heat Transfer 2049 | . 315 120 279 81 . 261 783 . . 102 . . 108 Effects 4 | . . . . . . . 4 . . . . . . Shutdowns 1 | . . . . . . . 1 . . . . . . Interference 3 | . . . . . . . 3 . . . . . . Siege Activations . | . . . . . . . . . . . . . . Robots Corrupted . | . . . . . . . . . . . . . . Combat Hostiles . | . . . . . . . . . . . . . . Parts Fried . | . . . . . . . . . . . . . . Impact Corruptions . | . . . . . . . . . . . . . . Robots Melted . | . . . . . . . . . . . . . . Combat Hostiles . | . . . . . . . . . . . . . . Parts Melted 1 | . . . . . . . 1 . . . . . . Heat Transferred 407 | . . . . . . . 407 . . . . . . Parts Sabotaged . | . . . . . . . . . . . . . . Parts Stolen . | . . . . . . . . . . . . . . Parts Stripped . | . . . . . . . . . . . . . . Power Chain Reactions . | . . . . . . . . . . . . . . Missiles Intercepted . | . . . . . . . . . . . . . . Alert | -11 -10 -10 -9 -9 -9 -8 -8 -7 -7 -7 -7 -7 -7 ------- Run | Scr Mat Min Mat Min Exi Min Mat Fac Was Fac Low Low Dat Peak Influence 400 | 5 248 278 241 163 . 50 327 180 54 400 . . . Initial 98 | . 3 39 15 19 . . 19 98 23 . . . . Average 77 | 2 79 87 94 53 . 34 36 100 27 127 . . . Maximum Alert Level 2 | . 1 1 1 . . . 1 . . 2 . . . Low Security (%) 89 | 100 93 95 94 100 . 100 96 100 100 66 . . . Level 1 10 | . 6 4 5 . . . 3 . . 33 . . . Level 2 . | . . . . . . . . . . . . . . Level 3 . | . . . . . . . . . . . . . . Level 4 . | . . . . . . . . . . . . . . Level 5 . | . . . . . . . . . . . . . . High Security . | . . . . . . . . . . . . . . Max Security . | . . . . . . . . . . . . . . Squads Dispatched 23 | . 6 1 1 . . . 6 1 . 8 . . . Investigation 12 | . 4 . . . . . 5 . . 3 . . . Extermination 5 | . . . . . . . . 1 . 4 . . . Reinforcement 5 | . 2 . 1 . . . 1 . . 1 . . . Assault 1 | . . 1 . . . . . . . . . . . Garrison . | . . . . . . . . . . . . . . Intercept . | . . . . . . . . . . . . . . Construction Impeded . | . . . . . . . . . . . . . . Haulers Reinforced . | . . . . . . . . . . . . . . Stealth | -11 -10 -10 -9 -9 -9 -8 -8 -7 -7 -7 -7 -7 -7 --------- Run | Scr Mat Min Mat Min Exi Min Mat Fac Was Fac Low Low Dat Distress Signals 6 | . 1 . 2 . . . 3 . . . . . . Communications Jammed . | . . . . . . . . . . . . . . Distress Signals . | . . . . . . . . . . . . . . Times Spotted 198 | . 26 13 34 7 32 5 43 5 6 18 . 5 4 Peak Tracking Total 9 | . 4 4 5 3 9 3 6 2 6 2 . 4 4 Tactical Retreats 18 | . 2 . 2 . 6 2 . 1 . 1 . 4 . Traps | -11 -10 -10 -9 -9 -9 -8 -8 -7 -7 -7 -7 -7 -7 ------- Run | Scr Mat Min Mat Min Exi Min Mat Fac Was Fac Low Low Dat Traps Triggered 8 | . 1 . . . . . . 1 . 6 . . . Indirectly . | . . . . . . . . . . . . . . Trap Hack Attempts 27 | . . . . . . . 27 . . . . . . Triggered 1 | . . . . . . . 1 . . . . . . Disarmed 2 | . . . . . . . 2 . . . . . . Reprogrammed 3 | . . . . . . . 3 . . . . . . Reused . | . . . . . . . . . . . . . . Traps Extracted . | . . . . . . . . . . . . . . Installed . | . . . . . . . . . . . . . . Triggered . | . . . . . . . . . . . . . . Exploded 3 | . . . . . 3 . . . . . . . . Machines | -11 -10 -10 -9 -9 -9 -8 -8 -7 -7 -7 -7 -7 -7 ---------- Run | Scr Mat Min Mat Min Exi Min Mat Fac Was Fac Low Low Dat Machines Disabled 17 | . 1 . 1 . 9 . 5 . . . . . 1 Max in Single Turn 2 | . 1 . 1 . 1 . 2 . . . . . 1 Garrison Access 4 | . . . . . . . 1 . . 3 . . . Machines Sabotaged . | . . . . . . . . . . . . . . Garrisons Compromised . | . . . . . . . . . . . . . . Overloaded Fab Kills . | . . . . . . . . . . . . . . Fab Network Shutdowns 1 | . . . . . . . . . . 1 . . . Hacking | -11 -10 -10 -9 -9 -9 -8 -8 -7 -7 -7 -7 -7 -7 --------- Run | Scr Mat Min Mat Min Exi Min Mat Fac Was Fac Low Low Dat Machines Accessed 76 | . 8 1 11 1 2 . 14 5 . 29 1 . 4 Terminals 44 | . 6 1 8 . . . 9 3 . 17 . . . Fabricators 2 | . . . . . . . . . . 2 . . . Repair Stations 7 | . 1 . 2 . . . 2 1 . 1 . . . Recycling Units 4 | . 1 . . . . . 1 1 . 1 . . . Scanalyzers 6 | . . . 1 . . . 1 . . 4 . . . Garrison Access 5 | . . . . . . . 1 . . 4 . . . Total Hacks 230 | . 25 4 49 1 2 . 45 12 . 67 1 . 24 Successful 160 | . 17 . 33 1 2 . 29 9 . 44 1 . 24 Failed 70 | . 8 4 16 . . . 16 3 . 23 . . . Catastrophic 10 | . . 1 1 . . . 3 . . 5 . . . Database Lockouts . | . . . . . . . . . . . . . . Manual 94 | . 17 4 22 . 1 . 23 6 . 21 . . . Terminals 132 | . 18 4 30 . . . 31 7 . 42 . . . Fabricators 6 | . . . . . . . . . . 6 . . . Repair Stations 32 | . 6 . 15 . . . 4 4 . 3 . . . Recycling Units 6 | . 1 . . . . . 3 1 . 1 . . . Scanalyzers 19 | . . . 4 . . . 5 . . 10 . . . Garrison Access 7 | . . . . . . . 2 . . 5 . . . Terminal Hacks 74 | . 5 . 9 1 2 . 10 2 . 20 1 . 24 Record 12 | . . . . . 1 . . . . . . . 11 Part Schematic 6 | . . . . . . . . . . 3 . . 3 Robot Schematic 7 | . . . . . . . . . . . . . 7 Robot Analysis 5 | . 2 . 3 . . . . . . . . . . Prototype ID Bank 7 | . 1 . . . . . . . . 3 . . 3 Open Door 2 | . . . . 1 . . . . . . 1 . . Branch Access Points 3 | . . . 1 . . . 1 . . 1 . . . Machine Index 1 | . . . . . . . . . . 1 . . . Terminal Index 2 | . . . . . . . 1 1 . . . . . Alert Level 4 | . . . 2 . . . 1 . . 1 . . . Unreport Threat 9 | . 1 . 2 . . . 3 . . 3 . . . Locate Traps 11 | . 1 . . . . . 4 . . 6 . . . Recall Investigation 1 | . . . . . . . . . . 1 . . . Zone Layout 3 | . . . 1 . . . . 1 . 1 . . . EX-Prototype ID Bank 1 | . . . . . 1 . . . . . . . . Fabricator Hacks 3 | . . . . . . . . . . 3 . . . Network Status 1 | . . . . . . . . . . 1 . . . Load Schematic 1 | . . . . . . . . . . 1 . . . Build 1 | . . . . . . . . . . 1 . . . Repair Station Hacks 30 | . 6 . 14 . . . 4 4 . 2 . . . Scan Component 15 | . 3 . 7 . . . 2 2 . 1 . . . Repair 15 | . 3 . 7 . . . 2 2 . 1 . . . Recycling Unit Hacks 5 | . . . . . . . 3 1 . 1 . . . Process 1 | . . . . . . . 1 . . . . . . Report Inventory 3 | . . . . . . . 1 1 . 1 . . . Retrieve Matter 1 | . . . . . . . 1 . . . . . . Scanalyzer 14 | . . . 2 . . . 4 . . 8 . . . Insert Component 7 | . . . 1 . . . 2 . . 4 . . . Analyze 7 | . . . 1 . . . 2 . . 4 . . . Garrison Access Hacks 4 | . . . . . . . 1 . . 3 . . . Seal Access 4 | . . . . . . . 1 . . 3 . . . Unauthorized Hacks 30 | . 6 . 8 . . . 7 2 . 7 . . . Terminals 28 | . 5 . 8 . . . 7 2 . 6 . . . Track 7 | . . . 4 . . . 2 . . 1 . . . Assimilate 4 | . . . 1 . . . 1 . . 2 . . . Botnet 13 | . 3 . 2 . . . 3 2 . 3 . . . Operators 4 | . 2 . 1 . . . 1 . . . . . . Fabricators 1 | . . . . . . . . . . 1 . . . Siphon 1 | . . . . . . . . . . 1 . . . Repair Stations . | . . . . . . . . . . . . . . Recycling Units 1 | . 1 . . . . . . . . . . . . Tunnel 1 | . 1 . . . . . . . . . . . . Scanalyzers . | . . . . . . . . . . . . . . Garrison Access . | . . . . . . . . . . . . . . Data Cores Recovered 2 | . . . . . . . 1 . . 1 . . . Used . | . . . . . . . . . . . . . . Hacking Detections 55 | . 7 1 7 . . . 11 4 . 25 . . . Full Trace Events 8 | . 2 . . . . . 4 . . 2 . . . Feedback Events . | . . . . . . . . . . . . . . Feedback Blocked . | . . . . . . . . . . . . . . Robot Schematics Acquired 7 | . . . . . . . . . . . . . 7 Robots Built . | . . . . . . . . . . . . . . Matter . | . . . . . . . . . . . . . . Time . | . . . . . . . . . . . . . . Total Robot Build Rating . | . . . . . . . . . . . . . . Part Schematics Acquired 12 | . . . 1 . . . 2 . . 6 . . 3 Parts Built 2 | . . . . . . . . . . 2 . . . Matter 192 | . . . . . . . . . . 192 . . . Time 128 | . . . . . . . . . . 128 . . . Total Part Build Rating 16 | . . . . . . . . . . 16 . . . Parts Repaired 15 | . 3 . 7 . . . 2 2 . 1 . . . Time 540 | . 78 . 194 . . . 70 118 . 80 . . . Parts Recycled . | . . . . . . . . . . . . . . Recycled Matter 38 | . . . . . . . 38 . . . . . . Retrieved Matter 38 | . . . . . . . 38 . . . . . . Retrieved Components . | . . . . . . . . . . . . . . Parts Scanalyzed 7 | . . . 1 . . . 2 . . 4 . . . Part Schematics Acquired 6 | . . . 1 . . . 2 . . 3 . . . Parts Damaged 1 | . . . . . . . . . . 1 . . . Bothacking | -11 -10 -10 -9 -9 -9 -8 -8 -7 -7 -7 -7 -7 -7 ------------ Run | Scr Mat Min Mat Min Exi Min Mat Fac Was Fac Low Low Dat Used RIF Installer . | . . . . . . . . . . . . . . Robots Hacked . | . . . . . . . . . . . . . . Non-combat . | . . . . . . . . . . . . . . Combat . | . . . . . . . . . . . . . . Robot Hacks Applied . | . . . . . . . . . . . . . . Relay Couplers Released . | . . . . . . . . . . . . . . Robots Rewired . | . . . . . . . . . . . . . . Allies Hacked . | . . . . . . . . . . . . . . Hacks Repelled . | . . . . . . . . . . . . . . Allies | -11 -10 -10 -9 -9 -9 -8 -8 -7 -7 -7 -7 -7 -7 -------- Run | Scr Mat Min Mat Min Exi Min Mat Fac Was Fac Low Low Dat Total Allies 24 | . . 2 . 3 . . . . 19 . . . . Largest Group 18 | . . 2 . 3 1 . . . 18 . . . . Highest-Rated Group 473 | . . 62 . 40 16 . . . 473 . . . . Highest-Rated Ally 35 | . . 31 . 16 16 . . . 35 . . . . Total Orders . | . . . . . . . . . . . . . . Ally Attacks 100 | . . 30 . 19 3 . . . 48 . . . . Total Damage 3792 | . . 505 . 218 36 . . . 3033 . . . . Kills 18 | . . 5 . 3 . . . . 10 . . . . Allies Corrupted . | . . . . . . . . . . . . . . Allies Melted . | . . . . . . . . . . . . . . Intel | -11 -10 -10 -9 -9 -9 -8 -8 -7 -7 -7 -7 -7 -7 ------- Run | Scr Mat Min Mat Min Exi Min Mat Fac Was Fac Low Low Dat Robot Analysis Total 5 | . 2 . 3 . . . . . . . . . . Derelict Logs Recovered 5 | . . 1 . 2 . . . . . . . 2 . Drone Launches . | . . . . . . . . . . . . . . Drone Recoveries . | . . . . . . . . . . . . . . Exploration | -11 -10 -10 -9 -9 -9 -8 -8 -7 -7 -7 -7 -7 -7 ------------- Run | Scr Mat Min Mat Min Exi Min Mat Fac Was Fac Low Low Dat Turns Passed 23563 | 6 1846 1340 2695 1344 3106 197 5917 694 136 4347 518 1290 127 Spaces Moved 12400 | 1 624 570 820 636 1369 79 1273 689 185 3746 977 1252 179 Core 1 | . . . . . . . . . . . . . 1 Treads 4271 | . 624 570 820 636 1340 79 202 . . . . . . Legs 1116 | 1 . . . . 29 . 1071 15 . . . . . Wheels . | . . . . . . . . . . . . . . Hover 7012 | . . . . . . . . 674 185 3746 977 1252 178 Flight . | . . . . . . . . . . . . . . Fastest Speed 48 | 120 160 180 200 200 180 200 150 50 50 48 48 48 48 Average Speed 110 | 120 183 180 200 200 199 200 174 52 50 49 48 48 52 Slowest Speed 800 | 120 220 180 200 200 240 200 180 157 50 121 48 48 800 Overloaded Moves . | . . . . . . . . . . . . . . Propulsion Burnouts . | . . . . . . . . . . . . . . Robots Hopped . | . . . . . . . . . . . . . . Cave-ins Triggered . | . . . . . . . . . . . . . . Exploration Rate (%) 69 | 2 81 98 67 99 91 21 82 13 78 76 95 86 77 Regions Visited 13 Branch Regions 7 Pre-discovered Areas 3 | . 1 . . . 1 . . . . . . . 1 Known Exits Taken 6 | . . . 1 1 . . 1 . . 1 1 1 . Unknown Exits Taken 5 | 1 1 1 . . 1 1 . . . . . . . Scrap Searched 13 | . . 1 . 1 . . . . . . 2 9 . Spaces Dug 42 | . . . . . . . . 2 1 25 7 7 . Terrain Destroyed 124 | . 28 21 . 8 18 4 3 2 1 25 7 7 . Melee 42 | . . . . . . . . 2 1 25 7 7 . Projectile 7 | . . . . . . 4 3 . . . . . . AOE 75 | . 28 21 . 8 18 . . . . . . . . Terrain Rammed . | . . . . . . . . . . . . . . Walls Destroyed . | . . . . . . . . . . . . . . Machines Disabled . | . . . . . . . . . . . . . . Actions | -11 -10 -10 -9 -9 -9 -8 -8 -7 -7 -7 -7 -7 -7 --------- Run | Scr Mat Min Mat Min Exi Min Mat Fac Was Fac Low Low Dat Total 21417 | 2 1214 838 1751 692 1595 100 4753 1004 225 6117 997 1926 203 Wait 8093 | . 482 238 832 36 49 . 3249 261 38 2227 2 666 13 Move 12388 | . 623 569 819 635 1368 78 1272 689 184 3745 976 1251 179 Hop . | . . . . . . . . . . . . . . Pick Up 87 | . 15 . 12 3 22 3 12 9 . 10 1 . . Fast Attach 49 | . 4 . 3 . 11 . 12 2 . 13 2 1 1 Attach 36 | . . 1 5 . 10 3 7 7 . 2 . . 1 Detach 14 | . 1 . 1 . 6 . 2 2 . . . . 2 Swap 100 | . 18 2 9 2 10 2 23 9 2 23 . . . Drop 103 | . 13 . 2 4 21 . 22 13 . 23 2 1 2 Fire 401 | 2 58 24 68 11 98 13 127 . . . . . . Melee 100 | . . . . . . . . 12 1 61 14 7 5 Ram . | . . . . . . . . . . . . . . Kick . | . . . . . . . . . . . . . . Crush 6 | . . 4 . 1 . 1 . . . . . . . Escape Stasis 13 | . . . . . . . . . . 13 . . . Rewire . | . . . . . . . . . . . . . . Trap 27 | . . . . . . . 27 . . . . . . Miscellaneous . | . . . . . . . . . . . . . . Route ------- -11/Scrapyard -10/Materials (discovered 3 exits: *Mat / *Min x2) -10/Mines (discovered 2 exits: *Mat x2) -9/Materials (discovered 5 exits: *Mat x2 / *Min / Sto x2) -9/Mines (discovered 3 exits: *Mat x2 / *Exi) -9/Exiles -8/Mines -8/Materials (discovered 3 exits: *Fac x3) -7/Factory (discovered 2 exits: *Fac x2) -7/Waste -7/Factory (discovered 4 exits: *Fac x2 / *Low x2) -7/Lower Caves -7/Lower Caves (discovered 2 exits: Fac / *Dat) -7/Data Miner (discovered 1 exit: [*Pro]) History --------- Turn | Location | Event 7 | -11/Scrapyard | Discovered new exit (range 0) 7 | -11/Scrapyard | Entered Materials 273 | -10/Materials | Discovered new exit (range 7) 306 | -10/Materials | Build established: Mutant 585 | -10/Materials | Discovered new exit (range 11) 929 | -10/Materials | Repaired Lgt. Treads 956 | -10/Materials | Repaired Lgt. Treads 983 | -10/Materials | Repaired Lgt. Treads 1178 | -10/Materials | Discovered new exit (range 10) 1431 | -10/Materials | Build established: Hauler-Mutant 1853 | -10/Materials | Entered Mines 1854 | -10/Mines | Met a Derelict testing a Signal Generator 1967 | -10/Mines | Discovered new exit (range 11) 2022 | -10/Mines | Core integrity fell below 50% 2086 | -10/Mines | Learned Materials terminal intel 2094 | -10/Mines | Received a Mining Laser from a helpful Derelict 2116 | -10/Mines | Discovered new exit (range 9) 2985 | -10/Mines | Excavation squad dispatched 2985 | -10/Mines | A large section of the Mines collapsed 3193 | -10/Mines | Entered Materials 3193 | -9/Materials | Evolved 2 slots: Utility x2 3194 | -9/Materials | Loaded intel: 12 terminal locations 3468 | -9/Materials | Repaired Hvy. Assault Rifle 3501 | -9/Materials | Repaired Hvy. Assault Rifle 3816 | -9/Materials | Discovered new exit (range 16) 4677 | -9/Materials | Repaired Lgt. Treads 4704 | -9/Materials | Repaired Lgt. Treads 4731 | -9/Materials | Repaired Lgt. Treads 4758 | -9/Materials | Repaired Lgt. Treads 4785 | -9/Materials | Repaired Lgt. Treads 4968 | -9/Materials | Discovered new exit (range 8) 5212 | -9/Materials | Identified exit to Mines 5212 | -9/Materials | Identified exit to Storage 5888 | -9/Materials | Entered Mines 5995 | -9/Mines | YI-UF0 nonchalantly dropped a Grenade Launcher on the ground 6031 | -9/Mines | Learned location of 1 exit from Materials 6071 | -9/Mines | Discovered new exit (range 6) 6079 | -9/Mines | Assisted by bots powering up and referring to "LRC-V3" 6506 | -9/Mines | Discovered new exit (range 13) 6547 | -9/Mines | Received a Rocket Launcher from a helpful Derelict 6597 | -9/Mines | Deemed a non-threat by the Exiles lab entrance 6711 | -9/Mines | Identified exit to Exiles 6828 | -9/Mines | Found the Drone Emporium 7053 | -9/Mines | Found a damaged Exp. Sensor Array with a note attached 7058 | -9/Mines | Found Prototype Device 7232 | -9/Mines | Entered Exiles 7232 | -9/Exiles | Accompanied by 1 ally 7280 | -9/Exiles | Met 8R-AWN 7314 | -9/Exiles | Met EX-HEX 7404 | -9/Exiles | Met EX-DEC 7448 | -9/Exiles | Learned location of Zion (-6) 7664 | -9/Exiles | Met EX-BIN 7702 | -9/Exiles | Aligned with FarCom system 7704 | -9/Exiles | Given EX-Vault access code 7754 | -9/Exiles | Opened EX-Vault 7798 | -9/Exiles | Warned to stay clear of 0b10 Research branches 7940 | -9/Exiles | Discovered new exit (range 12) 8735 | -9/Exiles | Attacked by the Exiles 8924 | -9/Exiles | Core integrity fell below 50% 8934 | -9/Exiles | Destroyed 8R-AWN 8942 | -9/Exiles | Found Prototype Ballistic Gun 8942 | -9/Exiles | Identified 8R-AWN's Boregun 8950 | -9/Exiles | Lost 9 parts (2p3n2u2w) 8952 | -9/Exiles | Found Prototype Protection 8955 | -9/Exiles | Found Prototype Processor 9651 | -9/Exiles | Destroyed EX-DEC 9714 | -9/Exiles | Destroyed EX-HEX 9739 | -9/Exiles | Destroyed EX-BIN 10338 | -9/Exiles | Entered Mines 10367 | -8/Mines | Core integrity fell below 20% 10405 | -8/Mines | Lost 3 parts (3w) 10515 | -8/Mines | Discovered new exit (range 9) 10535 | -8/Mines | Entered Materials 10535 | -8/Materials | Evolved 2 slots: Propulsion x1, Utility x1 10536 | -8/Materials | Identified exit to Factory 13267 | -8/Materials | Discovered exit to Factory (range 9) 14089 | -8/Materials | Repaired Hrd. Medium Armor Plating 15431 | -8/Materials | Repaired Hvy. Assault Rifle 15846 | -8/Materials | Discovered exit to Factory (range 10) 16232 | -8/Materials | Identified Exp. Sensor Array 16452 | -8/Materials | Entered Factory 16452 | -7/Factory | Evolved 2 slots: Propulsion x1, Utility x1 16539 | -7/Factory | Discovered new exit (range 11) 16561 | -7/Factory | Identified exit to Factory 16605 | -7/Factory | Discovered exit to Factory (range 16) 16789 | -7/Factory | Build established: Scavenger-Mutant 16813 | -7/Factory | Repaired Exp. Sensor Array 16852 | -7/Factory | Repaired Katana 17146 | -7/Factory | Sucked down chute 17146 | -7/Factory | Entered Waste 17161 | -7/Waste | EMP discharged 17164 | -7/Waste | Spotted C-40 Crusher 17169 | -7/Waste | Spotted C-40 Crusher 17169 | -7/Waste | Spotted C-40 Crusher 17184 | -7/Waste | Spotted C-40 Crusher 17202 | -7/Waste | Spotted C-40 Crusher 17203 | -7/Waste | Spotted C-40 Crusher 17227 | -7/Waste | Met Warlord forces unprepared to attack 17261 | -7/Waste | EMP discharged 17261 | -7/Waste | System corruption reached 10% 17274 | -7/Waste | Discovered new exit (range 15) 17281 | -7/Waste | Identified exit to Factory 17282 | -7/Waste | Entered Factory 17318 | -7/Factory | Discovered exit to Factory (range 15) 18657 | -7/Factory | Repaired Cold Fusion Reactor 18935 | -7/Factory | Fabricated Cmb. Antigrav System? 19277 | -7/Factory | Local fabrication network quarantined 19312 | -7/Factory | Discovered exit to Factory (range 8) 19560 | -7/Factory | Identified Exp. Targeting Computer 19956 | -7/Factory | Build established: Mutant 20269 | -7/Factory | Identified exit to Lower Caves 21629 | -7/Factory | Entered Lower Caves 21768 | -7/Lower Caves | Found Alien Artifact 21768 | -7/Lower Caves | Identified Core Expander 21768 | -7/Lower Caves | Installed Core Expander, added new Weapon slot 21866 | -7/Lower Caves | Discovered new exit (range 7) 22146 | -7/Lower Caves | Identified exit to Lower Caves 22147 | -7/Lower Caves | Entered another Lower Caves area 23308 | -7/Lower Caves | Attracted the attention of an 0b10 checkpoint 23309 | -7/Lower Caves | Learned Factory garrison access intel 23393 | -7/Lower Caves | Discovered new exit (range 12) 23401 | -7/Lower Caves | Identified exit to Data Miner 23409 | -7/Lower Caves | Encountered a Warlord checkpoint 23437 | -7/Lower Caves | Entered Data Miner 23437 | -7/Data Miner | Discovered new exit (range 6) 23447 | -7/Data Miner | Met Data Miner 23457 | -7/Data Miner | Learned location of Section 7 (-2) 23457 | -7/Data Miner | Acquired the access code to Warlord's prototype stash 23465 | -7/Data Miner | Received God Mode back door access code from Data Miner 23528 | -7/Data Miner | Data Conduit disabled 23564 | -7/Data Miner | Self-destructed Last Messages --------------- Tier: 6 Schematic downloaded. Data Miner: I've just received further instructions. God Mode is nearly complete and we think you might be able to put it to better use than Warlord, so if you see an opportunity, hack it and enter \\93TR to gain control via the back door I've installed. Now off with you. 23486_ Dropped Hpw. Electrolaser. 23487_ Dropped Imp. Armor Integrity Analyzer. 23489_ Acquired Imp. Armor Integrity Analyzer. 23522_ Sneak attack on Data Miner. 23522_ Destroyed Gravmag Array. 23522_ Destroyed Lgt. Angular Momentum Engine. 23522_ Data Miner disappears through a trap door. 23528_ Data Conduit disabled. 23544_ Lgt. Angular Momentum Engine destroyed. 23548_ Greatsword destroyed. 23550_ Mak. Hover Unit destroyed. 23551_ Cld. Airjet destroyed. 23551_ Aerolev Unit destroyed. Map ----- +----------------------------------------------------+ | | | | | | | | | | | | | | | | | | | | | | | | | | | | | | | | | | | ??????????????????????????????????????????? | | ??????????????????????????????????????????? | | ??????????????????????????????????????????? | | ??????????????????????????????????????????? | | ??????????????????????????????####????????? | | ##############????#########?### #????????? | | """""""""" ###### # # ; ### #????????? | | """""" [""" "" "# # # ; ## < ##????????? | | """""" g @ ######???? | | """ g g #???? | | """ g #???? | | "" #???? | | """ ##???? | | """ """"""""""""""""#####????? | | """" """"###############????????? | | """" """""###??????????????????????? | | """""" "#####????????????????????????? | | #####"## "#????????????????????????????? | | ????#"### "#????????????????????????????? | | ????#"### "#????????????????????????????? | | ????#"## "#????????????????????????????? | | ??????## "#????????????????????????????? | | ??????# "#????????????????????????????? | | ??????### "#????????????????????????????? | | ????????# "##???????????????????????????? | | ???????## ""#???????????????????????????? | | ????#?## ""#???????????????????????????? | | ???##"#"X ""#???????????????????????????? | | ???""""" "####????????????????????????? | | ???""""" X"""""????????????????????????? | | ???##"#"X "##"#????????????????????????? | | ????#?## X""""#????????????????????????? | | ???????## "##"#????????????????????????? | +----------------------------------------------------+ Best States ------------- Heat Dissipation 34 Energy Generation 18 Energy Capacity 275 Matter Stores 300 Matter Capacity 500 Sight Range 16 Robot Scan Range 30 Terrain Scan Density 10 Armor Coverage 450 Resistance: EM 20 Propulsion Shielding 33 Weapon Shielding 33 Weapon Cycling 25 Evasion (%) 55 Armor Integrity Analysis 50 Recoil Reduction 3 Offensive Hacking 10 Item Schematics ----------------- Lrg. Storage Unit | -9/Materials | Scanalyzed Cmb. Antigrav System | -8/Materials | Scanalyzed Exp. Sensor Array | -8/Materials | Scanalyzed Exp. Targeting Computer | -7/Factory | Scanalyzed Adv. Signal Interpreter | -7/Factory | Hacked Hcp. Storage Unit | -7/Factory | Hacked Nuclear Pulse Thruster | -7/Factory | Hacked Greatsword | -7/Factory | Scanalyzed Gravity Neutralizing Apparatus | -7/Factory | Scanalyzed Combat Drone Bay | -7/Data Miner | Free Lgt. Regenerative Plating | -7/Data Miner | Free Cloaking Device | -7/Data Miner | Free Robot Schematics ------------------ S-27 Virus | -7/Data Miner | Free G-50 Soldier | -7/Data Miner | Free X-72 Disruptor | -7/Data Miner | Free H-66 Slayer | -7/Data Miner | Free P-70 Sage | -7/Data Miner | Free I-36 Angel | -7/Data Miner | Free I-47 Archangel | -7/Data Miner | Free Fabricated ------------ Cmb. Antigrav System | x2 | -7/Factory Alien Tech Used ----------------- Core Expander Achievements -------------- None Challenges ------------ None Game ------ Seed MediumWeaponScanner Manual? 0 Play Time 02:15:42 Cumulative 246.6 hours Start 2021.01.24 @ 23:19:02 End 2021.01.25 @ 02:05:33 Sessions 1 Manual Loads 0 Difficulty Rogue Special Mode None Game No. 173 Rogue 173 Adventurer 0 Explorer 0 Win Type - Total 6 Types 6/0/0/0/0/0/0/0/0 Lore% 56 Gallery% 65 Achievement% 49 Wizard Run 0 Options --------- ASCII 1 Keyboard 1 Movement Arrows Keybinds 0 Fullscreen 1 Font 24/Proggy Map View 76x50 Tactical HUD 1 Map Filters NONE Filters NONE Steam 1 RUN: 61c357b4-309b-46dc-ac01-04f4a495b426